Connexion

IceHogs vs Americans

Created - 13 janvier 2024 at 06:11

Goals
1 2 3 T
IceHogs 3 1 0 4
Americans 1 1 0 2
Shots
1 2 3 T
IceHogs 16 20 11 47
Americans 6 11 6 23

GoalsPenalties
1st period
1. Americans , Andrew Agozzino 20 (Tanner Fritz 17, Kyle Okposo 23) at 8:37
2. IceHogs , Riley Sheahan 22 (Jack Dougherty 12) at 9:53
3. IceHogs , Colton Sceviour 19 (Brendan Gaunce 18, Andrew Sturtz 12) at 11:24
4. IceHogs , Riley Sheahan 23 (Erik Cernak 31, William Carrier 14) at 17:09
No Penalty
2nd period
5. IceHogs , William Carrier 15 (Mark Alt 10) at 2:14
6. Americans , Tanner Fritz 19 (Andrew Agozzino 31) at 5:27 (PP)
Andrew Agozzino (POR) for Delaying the game (Minor) at 2:46
Erik Cernak (RCK) for Holding (Minor) at 5:25
Erik Cernak (RCK) for Delaying the game (Minor) at 9:35
3rd period
No Goal
Brendan Gaunce (RCK) for High sticking (Minor) at 1:22
Oskari Laaksonen (POR) for Tripping (Minor) at 5:08
Goalie Stats
Christopher Gibson (RCK), 21 saves from 23 shots - (0,913), W, 29-17-2, 60:00 minutes
Jean-Francois Berube (POR), 29 saves from 29 shots - (1,000), 37:46 minutes
Alex Starlock (POR), 14 saves from 18 shots - (0,778), L, 27-18-0, 22:14 minutes
3 StarsOfficial
1 - Riley Sheahan (RCK)
2 - William Carrier (RCK)
3 - Colton Sceviour (RCK)
Referees : Stephane Auger and Kevin Pollock
Linesman : Scott Cherrey and Jean Morin
Game Note
Jean-Francois Berube enters game at 2:14 of 2nd period
Finance
Level 1 -- Attendance: 2000 (100,00%) -- Ticket Income $72,000
Level 2 -- Attendance: 1000 (100,00%) -- Ticket Income $18,000
Total Attendance: 3000 (100,00%)
Total Ticket Income: $90,000
Other Income: $18,000
Total Income: $108,000



Team Name Goals Shots Shots Attemp Shots Blocked PIM HIT PP PK FO%
IceHogs 44710566240 / 2 (0%)156%
Americans 22340104261 / 3 (33%)044%

IceHogs
Player Name POS G A P +/- PIM HIT SHT SB MP PP MP PP SHT PK MP PK SHT FO% FOT
Andrew SturtzRW0111012016:010:0000:00050% 2
Brandon GignacC000000000:400:0000:0000% 0
Brandon HickeyD0001013019:561:3922:0700% 0
Brendan GaunceC/LW0111220016:000:0000:00053% 17
Cameron Gaunce D0000005225:372:1931:5300% 0
Cedric PaquetteC/LW000-1063019:232:1911:100100% 3
Charles HudonLW/RW0003023017:531:3910:000100% 1
Colton SceviourC/LW/RW1011013017:190:0001:18020% 5
Danny O'ReganC/RW000-1005020:272:1902:14050% 4
Erik CernakD0110441324:562:1901:1400% 0
Frederic AllardD0001003019:401:3911:5100% 0
Jack DoughertyD0112021015:220:0000:5500% 0
Jean-Sébastien DeaC/RW000-1007023:172:1901:51059% 29
Mark AltD0112020114:270:0000:0000% 0
Mikhail VorobyovC000000103:530:0000:00067% 3
Riley SheahanC2023015017:531:3900:00058% 24
William CarrierLW/RW1123025019:201:3911:2700% 1
Zack O'BrienC/RW000000003:530:0000:0000% 0
Americans
Player Name POS G A P +/- PIM HIT SHT SB MP PP MP PP SHT PK MP PK SHT FO% FOT
Andrew AgozzinoC/LW112-2222021:162:1001:26050% 2
Andrew PeekeD000-1020022:331:3101:4400% 0
Cameron HughesC/LW000-1003017:091:5010:50035% 20
Cole HultsD0000002118:210:0002:1400% 0
Joseph DuszakD000-2001120:401:3101:4400% 0
Kyle OkposoC/RW011-2004020:242:1030:33050% 2
Kyle RauC/LW/RW0000010114:130:0001:18025% 4
Matt LoritoLW/RW000-1003016:191:5010:00050% 2
Mattias SamuelssonD000-3051326:082:2902:1400% 0
Oskari LaaksonenD0000220116:582:2900:0000% 0
Patrick BrownC/RW000001107:140:0000:170100% 1
Riley TufteLW000000016:570:0000:0000% 0
Robbie RussoD0000050115:190:0000:0000% 0
Ross JohnstonLW000-1061016:521:5010:330100% 1
Sam AnasC/RW0000001112:550:0000:0000% 0
Sean MaloneC000000106:570:0000:00040% 10
Tanner Fritz C/LW/RW112-2002022:502:1012:59047% 32
Turner ElsonC/LW/RW0000021012:550:0000:00047% 15



Play-by-Play

1st period


0:01 of 1st period - Jean-Sébastien Dea wins face-off versus Tanner Fritz in neutral zone.
0:12 of 1st period - Shot by Jean-Sébastien Dea.
0:12 of 1st period - Stopped by Alex Starlock without a rebound.
0:13 of 1st period - Cameron Hughes wins face-off versus Riley Sheahan in Americans zone.
0:28 of 1st period - Shot by Cole Hults.
0:28 of 1st period - The goal is going for a video replay.
0:28 of 1st period - The goal is refused.
0:29 of 1st period - Brendan Gaunce wins face-off versus Turner Elson in IceHogs zone.
0:29 of 1st period - Brendan Gaunce is hit by Turner Elson.
0:45 of 1st period - Brendan Gaunce is hit by Robbie Russo and loses puck.
0:51 of 1st period - Brendan Gaunce is hit by Robbie Russo and loses puck.
0:59 of 1st period - Brendan Gaunce is hit by Robbie Russo and loses puck.
1:45 of 1st period - Icing by Joseph Duszak.
1:46 of 1st period - Riley Sheahan wins face-off versus Tanner Fritz in Americans zone.
1:51 of 1st period - Shot by William Carrier.
1:51 of 1st period - Shot Misses the Net.
3:14 of 1st period - Zack O'Brien is hit by Andrew Peeke and loses puck.
3:25 of 1st period - Andrew Peeke is hit by Brendan Gaunce and loses puck.
4:04 of 1st period - Sean Malone is hit by Mark Alt and loses puck.
4:22 of 1st period - Off-side.
4:23 of 1st period - Turner Elson wins face-off versus Riley Sheahan in neutral zone.
4:23 of 1st period - Kyle Rau is hit by William Carrier and loses puck.
4:28 of 1st period - Sam Anas is hit by Charles Hudon and loses puck.
4:42 of 1st period - Andrew Peeke is hit by Brandon Hickey and loses puck.
5:24 of 1st period - Shot by Sean Malone.
5:24 of 1st period - Stopped by Christopher Gibson without a rebound.
5:25 of 1st period - Mikhail Vorobyov wins face-off versus Andrew Agozzino in IceHogs zone.
5:34 of 1st period - Shot by Zack O'Brien.
5:34 of 1st period - Shot Misses the Net.
6:26 of 1st period - Off-side.
6:27 of 1st period - Charles Hudon wins face-off versus Turner Elson in neutral zone.
7:10 of 1st period - Sam Anas is hit by William Carrier and loses puck.
7:33 of 1st period - Shot by Matt Lorito.
7:33 of 1st period - Stopped by Christopher Gibson without a rebound.
7:34 of 1st period - Jean-Sébastien Dea wins face-off versus Tanner Fritz in IceHogs zone.
7:34 of 1st period - Jean-Sébastien Dea is hit by Andrew Agozzino.
7:41 of 1st period - Jean-Sébastien Dea is hit by Mattias Samuelsson and loses puck.
7:50 of 1st period - Shot by Danny O'Regan.
7:50 of 1st period - Shot Misses the Net.
7:52 of 1st period - Shot by Danny O'Regan.
7:52 of 1st period - Stopped by Alex Starlock without a rebound.
7:53 of 1st period - Cameron Hughes wins face-off versus Brendan Gaunce in Americans zone.
8:18 of 1st period - Shot by Colton Sceviour.
8:18 of 1st period - Stopped by Alex Starlock without a rebound.
8:19 of 1st period - Tanner Fritz wins face-off versus Jean-Sébastien Dea in Americans zone.
8:35 of 1st period - Shot by Tanner Fritz .
8:35 of 1st period - Shot Blocked by Erik Cernak.
8:37 of 1st period - Shot by Andrew Agozzino.
8:37 of 1st period - Goal by Andrew Agozzino - IceHogs : 0 - Americans : 1.
8:38 of 1st period - Andrew Sturtz wins face-off versus Sean Malone in neutral zone.
9:02 of 1st period - Icing by Andrew Peeke.
9:03 of 1st period - Sean Malone wins face-off versus Jean-Sébastien Dea in Americans zone.
9:19 of 1st period - Icing by Cole Hults.
9:20 of 1st period - Sean Malone wins face-off versus Riley Sheahan in Americans zone.
9:20 of 1st period - Sean Malone is hit by Charles Hudon.
9:28 of 1st period - William Carrier is hit by Patrick Brown and loses puck.
9:36 of 1st period - Patrick Brown is hit by Mark Alt and loses puck.
9:51 of 1st period - Shot by Jack Dougherty.
9:51 of 1st period - Shot Misses the Net.
9:53 of 1st period - Shot by Riley Sheahan.
9:53 of 1st period - Goal by Riley Sheahan - IceHogs : 1 - Americans : 1.
9:54 of 1st period - Jean-Sébastien Dea wins face-off versus Cameron Hughes in neutral zone.
11:09 of 1st period - Joseph Duszak is hit by Colton Sceviour and loses puck.
11:20 of 1st period - Shot by Andrew Sturtz.
11:20 of 1st period - Stopped by Alex Starlock with a rebound.
11:22 of 1st period - Shot by Brendan Gaunce.
11:22 of 1st period - Shot Misses the Net.
11:24 of 1st period - Shot by Brendan Gaunce.
11:24 of 1st period - Deflect By Colton Sceviour.
11:24 of 1st period - Goal by Colton Sceviour - IceHogs : 2 - Americans : 1.
11:25 of 1st period - Riley Sheahan wins face-off versus Turner Elson in neutral zone.
11:35 of 1st period - Off-side.
11:36 of 1st period - Riley Sheahan wins face-off versus Sean Malone in neutral zone.
12:14 of 1st period - Icing by Mattias Samuelsson.
12:15 of 1st period - Sean Malone wins face-off versus Jean-Sébastien Dea in Americans zone.
12:20 of 1st period - Shot by Jean-Sébastien Dea.
12:20 of 1st period - Stopped by Alex Starlock with a rebound.
12:22 of 1st period - Shot by Cameron Gaunce .
12:22 of 1st period - Shot Blocked by Mattias Samuelsson.
12:24 of 1st period - Shot by Danny O'Regan.
12:24 of 1st period - Shot Misses the Net.
12:26 of 1st period - Shot by Cedric Paquette.
12:26 of 1st period - Shot Misses the Net.
12:28 of 1st period - Shot by Jean-Sébastien Dea.
12:28 of 1st period - Shot Misses the Net.
12:39 of 1st period - Jean-Sébastien Dea is hit by Mattias Samuelsson and loses puck.
12:44 of 1st period - Shot by Danny O'Regan.
12:44 of 1st period - Stopped by Alex Starlock without a rebound.
12:45 of 1st period - Brendan Gaunce wins face-off versus Tanner Fritz in Americans zone.
13:02 of 1st period - Shot by Colton Sceviour.
13:02 of 1st period - Shot Blocked by Oskari Laaksonen.
13:04 of 1st period - Shot by Brendan Gaunce.
13:04 of 1st period - Deflect By Andrew Sturtz.
13:04 of 1st period - Shot Misses the Net.
13:06 of 1st period - Shot by Colton Sceviour.
13:06 of 1st period - Shot Hit the Post.
13:10 of 1st period - Shot by Andrew Sturtz.
13:10 of 1st period - Shot Misses the Net.
13:12 of 1st period - Shot by Colton Sceviour.
13:12 of 1st period - Shot Hit the Post.
13:14 of 1st period - Shot by Colton Sceviour.
13:14 of 1st period - Shot Misses the Net.
13:16 of 1st period - Shot by Brandon Hickey.
13:16 of 1st period - Shot Misses the Net.
13:44 of 1st period - Shot by Riley Sheahan.
13:44 of 1st period - Shot Misses the Net.
14:11 of 1st period - Shot by Erik Cernak.
14:11 of 1st period - Stopped by Alex Starlock with a rebound.
14:40 of 1st period - Shot by Jean-Sébastien Dea.
14:40 of 1st period - Shot Misses the Net.
14:42 of 1st period - Shot by Jean-Sébastien Dea.
14:42 of 1st period - Stopped by Alex Starlock without a rebound.
14:43 of 1st period - Kyle Rau wins face-off versus Brendan Gaunce in Americans zone.
14:43 of 1st period - Kyle Rau is hit by Andrew Sturtz.
14:50 of 1st period - Icing by Sam Anas.
14:51 of 1st period - Turner Elson wins face-off versus Mikhail Vorobyov in Americans zone.
15:08 of 1st period - Shot by Jean-Sébastien Dea.
15:08 of 1st period - Shot Misses the Net.
15:10 of 1st period - Shot by Brandon Hickey.
15:10 of 1st period - Stopped by Alex Starlock without a rebound.
15:11 of 1st period - Brendan Gaunce wins face-off versus Kyle Okposo in Americans zone.
15:26 of 1st period - Shot by Andrew Agozzino.
15:26 of 1st period - Shot Misses the Net.
15:39 of 1st period - Shot by Andrew Agozzino.
15:39 of 1st period - Stopped by Christopher Gibson without a rebound.
15:40 of 1st period - Cedric Paquette wins face-off versus Turner Elson in IceHogs zone.
16:46 of 1st period - Riley Sheahan is hit by Mattias Samuelsson and loses puck.
17:05 of 1st period - Shot by Erik Cernak.
17:05 of 1st period - Shot Misses the Net.
17:07 of 1st period - Shot by Riley Sheahan.
17:07 of 1st period - Shot Misses the Net.
17:09 of 1st period - Shot by Riley Sheahan.
17:09 of 1st period - Goal by Riley Sheahan - IceHogs : 3 - Americans : 1.
17:10 of 1st period - Tanner Fritz wins face-off versus Brendan Gaunce in neutral zone.
17:48 of 1st period - Icing by Mark Alt.
17:49 of 1st period - Turner Elson wins face-off versus Colton Sceviour in IceHogs zone.
18:15 of 1st period - Shot by Jean-Sébastien Dea.
18:15 of 1st period - Stopped by Alex Starlock without a rebound.
18:16 of 1st period - Jean-Sébastien Dea wins face-off versus Cameron Hughes in Americans zone.
18:23 of 1st period - Shot by Jean-Sébastien Dea.
18:23 of 1st period - Stopped by Alex Starlock without a rebound.
18:24 of 1st period - Tanner Fritz wins face-off versus Jean-Sébastien Dea in Americans zone.
19:26 of 1st period - Shot by Riley Sheahan.
19:26 of 1st period - Shot Misses the Net.
19:28 of 1st period - Shot by Charles Hudon.
19:28 of 1st period - Stopped by Alex Starlock with a rebound.
19:30 of 1st period - Shot by Frederic Allard.
19:30 of 1st period - Shot Misses the Net.
19:32 of 1st period - Shot by Brandon Hickey.
19:32 of 1st period - Shot Misses the Net.
19:34 of 1st period - Shot by Charles Hudon.
19:34 of 1st period - Stopped by Alex Starlock without a rebound.
19:35 of 1st period - Cameron Hughes wins face-off versus Brendan Gaunce in Americans zone.
19:39 of 1st period - Icing by Cole Hults.
19:40 of 1st period - Brendan Gaunce wins face-off versus Cameron Hughes in Americans zone.
19:49 of 1st period - Shot by Brendan Gaunce.
19:49 of 1st period - Shot Misses the Net.
19:57 of 1st period - Shot by Cameron Hughes.
19:57 of 1st period - Stopped by Christopher Gibson without a rebound.
19:58 of 1st period - Riley Sheahan wins face-off versus Kyle Rau in IceHogs zone.
Goals for this period are 3 for IceHogs vs 1 for Americans.
Shots for this period are 16 for IceHogs vs 6 for Americans.

2nd period


0:01 of 2nd period - Tanner Fritz wins face-off versus Jean-Sébastien Dea in neutral zone.
0:14 of 2nd period - Andrew Agozzino is hit by Erik Cernak and loses puck.
0:20 of 2nd period - Tanner Fritz is hit by Erik Cernak and loses puck.
1:21 of 2nd period - Shot by Charles Hudon.
1:21 of 2nd period - Shot Misses the Net.
1:23 of 2nd period - Shot by William Carrier.
1:23 of 2nd period - Deflect By Riley Sheahan.
1:23 of 2nd period - Stopped by Alex Starlock without a rebound.
1:24 of 2nd period - Turner Elson wins face-off versus Brendan Gaunce in Americans zone.
1:35 of 2nd period - Shot by Kyle Rau.
1:35 of 2nd period - Shot Blocked by Mark Alt.
1:37 of 2nd period - Shot by Sam Anas.
1:37 of 2nd period - Stopped by Christopher Gibson without a rebound.
1:38 of 2nd period - Sean Malone wins face-off versus Riley Sheahan in IceHogs zone.
1:48 of 2nd period - Icing by Charles Hudon.
1:49 of 2nd period - Riley Sheahan wins face-off versus Tanner Fritz in IceHogs zone.
1:54 of 2nd period - Shot by Mattias Samuelsson.
1:54 of 2nd period - Stopped by Christopher Gibson with a rebound.
1:56 of 2nd period - Shot by Tanner Fritz .
1:56 of 2nd period - Shot Misses the Net.
2:00 of 2nd period - Shot by Kyle Okposo.
2:00 of 2nd period - Deflect By Andrew Agozzino.
2:00 of 2nd period - Shot Misses the Net.
2:14 of 2nd period - Shot by William Carrier.
2:14 of 2nd period - Goal by William Carrier - IceHogs : 4 - Americans : 1.
2:14 of 2nd period - Jean-Francois Berube enters game.
2:15 of 2nd period - Cameron Hughes wins face-off versus Jean-Sébastien Dea in neutral zone.
2:41 of 2nd period - Shot by Matt Lorito.
2:41 of 2nd period - Stopped by Christopher Gibson without a rebound.
2:42 of 2nd period - Tanner Fritz wins face-off versus Brendan Gaunce in IceHogs zone.
2:46 of 2nd period - Minor Penalty to Andrew Agozzino for Delaying the game.
2:47 of 2nd period - Riley Sheahan wins face-off versus Tanner Fritz in Americans zone.
2:56 of 2nd period - Shot by Brandon Hickey.
2:56 of 2nd period - Shot Misses the Net.
2:58 of 2nd period - Shot by William Carrier.
2:58 of 2nd period - Stopped by Jean-Francois Berube without a rebound.
2:59 of 2nd period - Cedric Paquette wins face-off versus Tanner Fritz in Americans zone.
3:04 of 2nd period - Shot by Danny O'Regan.
3:04 of 2nd period - Shot Misses the Net.
3:06 of 2nd period - Shot by Cedric Paquette.
3:06 of 2nd period - Shot Misses the Net.
3:14 of 2nd period - Shot by Jean-Sébastien Dea.
3:14 of 2nd period - Shot Misses the Net.
3:16 of 2nd period - Shot by Cameron Gaunce .
3:16 of 2nd period - Stopped by Jean-Francois Berube without a rebound.
3:17 of 2nd period - Riley Sheahan wins face-off versus Tanner Fritz in Americans zone.
3:29 of 2nd period - Riley Sheahan is hit by Mattias Samuelsson and loses puck.
3:42 of 2nd period - Shot by Charles Hudon.
3:42 of 2nd period - Stopped by Jean-Francois Berube with a rebound.
3:44 of 2nd period - Shot by Frederic Allard.
3:44 of 2nd period - Shot Misses the Net.
3:54 of 2nd period - Shot by Brandon Hickey.
3:54 of 2nd period - Stopped by Jean-Francois Berube without a rebound.
3:55 of 2nd period - Patrick Brown wins face-off versus Jean-Sébastien Dea in Americans zone.
3:55 of 2nd period - Patrick Brown is hit by Cedric Paquette.
4:07 of 2nd period - Shot by Danny O'Regan.
4:07 of 2nd period - Shot Misses the Net.
4:09 of 2nd period - Shot by Cameron Gaunce .
4:09 of 2nd period - Shot Misses the Net.
4:11 of 2nd period - Shot by Cameron Gaunce .
4:11 of 2nd period - Stopped by Jean-Francois Berube without a rebound.
4:12 of 2nd period - Jean-Sébastien Dea wins face-off versus Tanner Fritz in Americans zone.
4:33 of 2nd period - Shot by Cameron Gaunce .
4:33 of 2nd period - Shot Misses the Net.
4:35 of 2nd period - Shot by Cedric Paquette.
4:35 of 2nd period - Stopped by Jean-Francois Berube without a rebound.
4:36 of 2nd period - Riley Sheahan wins face-off versus Kyle Rau in Americans zone.
4:44 of 2nd period - Icing by Charles Hudon.
4:45 of 2nd period - Tanner Fritz wins face-off versus Riley Sheahan in IceHogs zone.
4:54 of 2nd period - Shot by Andrew Sturtz.
4:54 of 2nd period - Stopped by Jean-Francois Berube with a rebound.
4:57 of 2nd period - Andrew Sturtz is hit by Robbie Russo and loses puck.
5:00 of 2nd period - Shot by Brendan Gaunce.
5:00 of 2nd period - Shot Misses the Net.
5:02 of 2nd period - Shot by Colton Sceviour.
5:02 of 2nd period - Stopped by Jean-Francois Berube without a rebound.
5:03 of 2nd period - Jean-Sébastien Dea wins face-off versus Turner Elson in Americans zone.
5:04 of 2nd period - Shot by Danny O'Regan.
5:04 of 2nd period - Shot Misses the Net.
5:09 of 2nd period - Joseph Duszak is hit by Cedric Paquette and loses puck.
5:25 of 2nd period - Minor Penalty to Erik Cernak for Holding.
5:26 of 2nd period - Andrew Agozzino wins face-off versus Jean-Sébastien Dea in IceHogs zone.
5:27 of 2nd period - Shot by Tanner Fritz .
5:27 of 2nd period - Goal by Tanner Fritz - IceHogs : 4 - Americans : 2.
5:28 of 2nd period - Riley Sheahan wins face-off versus Tanner Fritz in neutral zone.
5:58 of 2nd period - Shot by Kyle Okposo.
5:58 of 2nd period - Stopped by Christopher Gibson without a rebound.
5:59 of 2nd period - Jean-Sébastien Dea wins face-off versus Cameron Hughes in IceHogs zone.
5:59 of 2nd period - Jean-Sébastien Dea is hit by Ross Johnston.
6:05 of 2nd period - Danny O'Regan is hit by Ross Johnston and loses puck.
6:32 of 2nd period - Shot by Cedric Paquette.
6:32 of 2nd period - Stopped by Jean-Francois Berube without a rebound.
6:33 of 2nd period - Brendan Gaunce wins face-off versus Turner Elson in Americans zone.
7:00 of 2nd period - Shot by Cole Hults.
7:00 of 2nd period - Stopped by Christopher Gibson without a rebound.
7:01 of 2nd period - Tanner Fritz wins face-off versus William Carrier in IceHogs zone.
7:38 of 2nd period - Shot by William Carrier.
7:38 of 2nd period - Stopped by Jean-Francois Berube without a rebound.
7:39 of 2nd period - Jean-Sébastien Dea wins face-off versus Cameron Hughes in Americans zone.
7:50 of 2nd period - Shot by Cedric Paquette.
7:50 of 2nd period - Shot Misses the Net.
7:52 of 2nd period - Shot by Jean-Sébastien Dea.
7:52 of 2nd period - Stopped by Jean-Francois Berube without a rebound.
7:53 of 2nd period - Turner Elson wins face-off versus Andrew Sturtz in Americans zone.
8:10 of 2nd period - Shot by Brendan Gaunce.
8:10 of 2nd period - Shot Misses the Net.
8:12 of 2nd period - Shot by Andrew Sturtz.
8:12 of 2nd period - Deflect By Brendan Gaunce.
8:12 of 2nd period - Shot Misses the Net.
8:14 of 2nd period - Shot by Jack Dougherty.
8:14 of 2nd period - Stopped by Jean-Francois Berube without a rebound.
8:15 of 2nd period - Tanner Fritz wins face-off versus Jean-Sébastien Dea in Americans zone.
8:20 of 2nd period - Shot by Danny O'Regan.
8:20 of 2nd period - Stopped by Jean-Francois Berube with a rebound.
9:01 of 2nd period - Andrew Agozzino is hit by Cedric Paquette and loses puck.
9:13 of 2nd period - Icing by Erik Cernak.
9:14 of 2nd period - Danny O'Regan wins face-off versus Cameron Hughes in IceHogs zone.
9:14 of 2nd period - Danny O'Regan is hit by Ross Johnston.
9:34 of 2nd period - Shot by Cameron Hughes.
9:34 of 2nd period - Shot Blocked by Cameron Gaunce .
9:35 of 2nd period - Minor Penalty to Erik Cernak for Delaying the game.
9:36 of 2nd period - Cameron Hughes wins face-off versus Colton Sceviour in IceHogs zone.
9:55 of 2nd period - Shot by Matt Lorito.
9:55 of 2nd period - Stopped by Christopher Gibson without a rebound.
9:56 of 2nd period - Kyle Okposo wins face-off versus Danny O'Regan in IceHogs zone.
10:13 of 2nd period - Shot by Joseph Duszak.
10:13 of 2nd period - Shot Misses the Net.
10:15 of 2nd period - Shot by Kyle Okposo.
10:15 of 2nd period - Stopped by Christopher Gibson without a rebound.
10:16 of 2nd period - Jean-Sébastien Dea wins face-off versus Cameron Hughes in IceHogs zone.
10:30 of 2nd period - Ross Johnston is hit by Cedric Paquette.
11:12 of 2nd period - Shot by Joseph Duszak.
11:12 of 2nd period - Deflect By Kyle Okposo.
11:12 of 2nd period - Stopped by Christopher Gibson with a rebound.
11:20 of 2nd period - Shot by Kyle Okposo.
11:20 of 2nd period - Stopped by Christopher Gibson without a rebound.
11:21 of 2nd period - Tanner Fritz wins face-off versus Jean-Sébastien Dea in IceHogs zone.
12:19 of 2nd period - Icing by Cole Hults.
12:20 of 2nd period - Riley Sheahan wins face-off versus Turner Elson in Americans zone.
12:50 of 2nd period - Icing by Jack Dougherty.
12:51 of 2nd period - Riley Sheahan wins face-off versus Tanner Fritz in IceHogs zone.
12:58 of 2nd period - Shot by Kyle Okposo.
12:58 of 2nd period - Shot Misses the Net.
13:29 of 2nd period - Joseph Duszak is hit by Cedric Paquette and loses puck.
13:34 of 2nd period - Shot by Danny O'Regan.
13:34 of 2nd period - Shot Misses the Net.
13:36 of 2nd period - Shot by Frederic Allard.
13:36 of 2nd period - Stopped by Jean-Francois Berube without a rebound.
13:37 of 2nd period - Colton Sceviour wins face-off versus Cameron Hughes in Americans zone.
13:46 of 2nd period - Shot by Brendan Gaunce.
13:46 of 2nd period - Shot Misses the Net.
14:12 of 2nd period - Brendan Gaunce is hit by Ross Johnston and loses puck.
15:29 of 2nd period - Shot by Tanner Fritz .
15:29 of 2nd period - Deflect By Kyle Okposo.
15:29 of 2nd period - Shot Misses the Net.
15:33 of 2nd period - Shot by Tanner Fritz .
15:33 of 2nd period - Shot Blocked by Erik Cernak.
16:07 of 2nd period - Frederic Allard is hit by Turner Elson and loses puck.
17:10 of 2nd period - Shot by Mark Alt.
17:10 of 2nd period - Deflect By Riley Sheahan.
17:10 of 2nd period - Stopped by Jean-Francois Berube without a rebound.
17:11 of 2nd period - Mikhail Vorobyov wins face-off versus Sean Malone in Americans zone.
17:12 of 2nd period - Shot by Jean-Sébastien Dea.
17:12 of 2nd period - Shot Blocked by Riley Tufte.
17:40 of 2nd period - Shot by Mikhail Vorobyov.
17:40 of 2nd period - Stopped by Jean-Francois Berube without a rebound.
17:41 of 2nd period - Tanner Fritz wins face-off versus Riley Sheahan in Americans zone.
17:58 of 2nd period - Shot by Riley Sheahan.
17:58 of 2nd period - Shot Misses the Net.
18:00 of 2nd period - Shot by Jack Dougherty.
18:00 of 2nd period - Shot Misses the Net.
18:02 of 2nd period - Shot by Riley Sheahan.
18:02 of 2nd period - Deflect By William Carrier.
18:02 of 2nd period - Stopped by Jean-Francois Berube with a rebound.
18:04 of 2nd period - Shot by Riley Sheahan.
18:04 of 2nd period - Stopped by Jean-Francois Berube without a rebound.
18:05 of 2nd period - Cedric Paquette wins face-off versus Cameron Hughes in Americans zone.
18:24 of 2nd period - Robbie Russo is hit by Cedric Paquette and loses puck.
18:54 of 2nd period - Frederic Allard is hit by Andrew Agozzino and loses puck.
19:11 of 2nd period - Shot by Tanner Fritz .
19:11 of 2nd period - Stopped by Christopher Gibson with a rebound.
Goals for this period are 1 for IceHogs vs 1 for Americans.
Shots for this period are 20 for IceHogs vs 11 for Americans.

3rd period


0:01 of 3rd period - Tanner Fritz wins face-off versus Jean-Sébastien Dea in neutral zone.
0:19 of 3rd period - Andrew Agozzino is hit by Erik Cernak and loses puck.
0:29 of 3rd period - Shot by Danny O'Regan.
0:29 of 3rd period - Shot Blocked by Joseph Duszak.
0:37 of 3rd period - Shot by Danny O'Regan.
0:37 of 3rd period - Stopped by Jean-Francois Berube with a rebound.
0:39 of 3rd period - Shot by Danny O'Regan.
0:39 of 3rd period - Shot Misses the Net.
0:41 of 3rd period - Shot by Jean-Sébastien Dea.
0:41 of 3rd period - Stopped by Jean-Francois Berube with a rebound.
1:03 of 3rd period - Shot by Riley Sheahan.
1:03 of 3rd period - Shot Misses the Net.
1:06 of 3rd period - Icing by Cole Hults.
1:07 of 3rd period - Cameron Hughes wins face-off versus Colton Sceviour in Americans zone.
1:11 of 3rd period - Off-side.
1:12 of 3rd period - Brendan Gaunce wins face-off versus Matt Lorito in neutral zone.
1:22 of 3rd period - Minor Penalty to Brendan Gaunce for High sticking.
1:23 of 3rd period - Jean-Sébastien Dea wins face-off versus Cameron Hughes in IceHogs zone.
1:34 of 3rd period - Shot by Cameron Hughes.
1:34 of 3rd period - Stopped by Christopher Gibson without a rebound.
1:35 of 3rd period - Jean-Sébastien Dea wins face-off versus Tanner Fritz in IceHogs zone.
1:43 of 3rd period - Icing by Andrew Agozzino.
1:44 of 3rd period - Jean-Sébastien Dea wins face-off versus Tanner Fritz in Americans zone.
1:45 of 3rd period - Shot by Cameron Gaunce .
1:45 of 3rd period - Shot Blocked by Mattias Samuelsson.
1:53 of 3rd period - Shot by Kyle Okposo.
1:53 of 3rd period - Shot Misses the Net.
1:55 of 3rd period - Shot by Oskari Laaksonen.
1:55 of 3rd period - Shot Blocked by Cameron Gaunce .
1:57 of 3rd period - Shot by Kyle Okposo.
1:57 of 3rd period - Shot Misses the Net.
1:59 of 3rd period - Shot by Mattias Samuelsson.
1:59 of 3rd period - Shot Blocked by Erik Cernak.
2:56 of 3rd period - Shot by Ross Johnston.
2:56 of 3rd period - Stopped by Christopher Gibson without a rebound.
2:57 of 3rd period - Tanner Fritz wins face-off versus Colton Sceviour in IceHogs zone.
4:07 of 3rd period - Brendan Gaunce is hit by Kyle Rau.
4:44 of 3rd period - Icing by Cameron Hughes.
4:45 of 3rd period - Danny O'Regan wins face-off versus Cameron Hughes in Americans zone.
4:46 of 3rd period - Shot by Cameron Gaunce .
4:46 of 3rd period - Stopped by Jean-Francois Berube without a rebound.
4:47 of 3rd period - Jean-Sébastien Dea wins face-off versus Sean Malone in Americans zone.
4:48 of 3rd period - Shot by Cameron Gaunce .
4:48 of 3rd period - Stopped by Jean-Francois Berube with a rebound.
5:08 of 3rd period - Minor Penalty to Oskari Laaksonen for Tripping.
5:09 of 3rd period - Riley Sheahan wins face-off versus Tanner Fritz in Americans zone.
5:24 of 3rd period - Shot by Charles Hudon.
5:24 of 3rd period - Shot Hit the Post.
5:26 of 3rd period - Shot by Frederic Allard.
5:26 of 3rd period - Shot Blocked by Mattias Samuelsson.
5:28 of 3rd period - Shot by Frederic Allard.
5:28 of 3rd period - Shot Blocked by Cole Hults.
5:30 of 3rd period - Shot by Frederic Allard.
5:30 of 3rd period - Stopped by Jean-Francois Berube without a rebound.
5:31 of 3rd period - Tanner Fritz wins face-off versus Danny O'Regan in Americans zone.
5:37 of 3rd period - Icing by Erik Cernak.
5:38 of 3rd period - Jean-Sébastien Dea wins face-off versus Tanner Fritz in IceHogs zone.
6:06 of 3rd period - Shot by Jean-Sébastien Dea.
6:06 of 3rd period - Deflect By Cedric Paquette.
6:06 of 3rd period - Shot Misses the Net.
6:08 of 3rd period - Shot by Cameron Gaunce .
6:08 of 3rd period - Shot Misses the Net.
6:10 of 3rd period - Shot by Cameron Gaunce .
6:10 of 3rd period - Stopped by Jean-Francois Berube without a rebound.
6:11 of 3rd period - Ross Johnston wins face-off versus Riley Sheahan in Americans zone.
6:11 of 3rd period - Ross Johnston is hit by Riley Sheahan.
6:27 of 3rd period - Shot by Brandon Hickey.
6:27 of 3rd period - Stopped by Jean-Francois Berube without a rebound.
6:28 of 3rd period - Tanner Fritz wins face-off versus Jean-Sébastien Dea in Americans zone.
6:56 of 3rd period - Jean-Sébastien Dea is hit by Mattias Samuelsson and loses puck.
7:12 of 3rd period - Icing by Oskari Laaksonen.
7:13 of 3rd period - Turner Elson wins face-off versus Riley Sheahan in Americans zone.
7:40 of 3rd period - Riley Sheahan is hit by Oskari Laaksonen and loses puck.
8:04 of 3rd period - Icing by Charles Hudon.
8:05 of 3rd period - Riley Sheahan wins face-off versus Cameron Hughes in IceHogs zone.
8:26 of 3rd period - Icing by Erik Cernak.
8:27 of 3rd period - Tanner Fritz wins face-off versus Brendan Gaunce in IceHogs zone.
8:46 of 3rd period - Shot by Tanner Fritz .
8:46 of 3rd period - Shot Misses the Net.
9:41 of 3rd period - Danny O'Regan is hit by Ross Johnston and loses puck.
9:48 of 3rd period - Shot by Cedric Paquette.
9:48 of 3rd period - Deflect By Danny O'Regan.
9:48 of 3rd period - Stopped by Jean-Francois Berube without a rebound.
9:49 of 3rd period - Turner Elson wins face-off versus Riley Sheahan in Americans zone.
9:59 of 3rd period - Charles Hudon is hit by Robbie Russo and loses puck.
10:08 of 3rd period - Shot by Charles Hudon.
10:08 of 3rd period - Shot Blocked by Kyle Rau.
10:10 of 3rd period - Shot by William Carrier.
10:10 of 3rd period - Shot Blocked by Sam Anas.
10:12 of 3rd period - Shot by Frederic Allard.
10:12 of 3rd period - Stopped by Jean-Francois Berube with a rebound.
11:17 of 3rd period - Cameron Hughes is hit by Erik Cernak and loses puck.
11:25 of 3rd period - Off-side.
11:26 of 3rd period - Brendan Gaunce wins face-off versus Sean Malone in neutral zone.
14:03 of 3rd period - Off-side.
14:04 of 3rd period - Brendan Gaunce wins face-off versus Turner Elson in neutral zone.
14:36 of 3rd period - Brendan Gaunce is hit by Andrew Peeke and loses puck.
14:54 of 3rd period - Icing by Andrew Sturtz.
14:55 of 3rd period - Cameron Hughes wins face-off versus Brendan Gaunce in IceHogs zone.
14:55 of 3rd period - Cameron Hughes is hit by Jack Dougherty.
14:59 of 3rd period - Shot by Matt Lorito.
14:59 of 3rd period - Shot Misses the Net.
15:13 of 3rd period - Shot by Cameron Hughes.
15:13 of 3rd period - Stopped by Christopher Gibson without a rebound.
15:14 of 3rd period - Jean-Sébastien Dea wins face-off versus Tanner Fritz in IceHogs zone.
15:30 of 3rd period - Shot by Joseph Duszak.
15:30 of 3rd period - Stopped by Christopher Gibson without a rebound.
15:31 of 3rd period - Riley Sheahan wins face-off versus Cameron Hughes in IceHogs zone.
15:31 of 3rd period - Riley Sheahan is hit by Ross Johnston.
16:00 of 3rd period - Shot by William Carrier.
16:00 of 3rd period - Stopped by Jean-Francois Berube without a rebound.
16:01 of 3rd period - Jean-Sébastien Dea wins face-off versus Tanner Fritz in Americans zone.
16:01 of 3rd period - Danny O'Regan is hit by Oskari Laaksonen and loses puck.
16:22 of 3rd period - Shot by Jean-Sébastien Dea.
16:22 of 3rd period - Shot Misses the Net.
17:14 of 3rd period - Shot by Brendan Gaunce.
17:14 of 3rd period - Shot Blocked by Robbie Russo.
17:38 of 3rd period - Off-side.
17:39 of 3rd period - Matt Lorito wins face-off versus Riley Sheahan in neutral zone.
18:00 of 3rd period - Shot by Riley Sheahan.
18:00 of 3rd period - Shot Misses the Net.
18:56 of 3rd period - Shot by Cole Hults.
18:56 of 3rd period - Shot Misses the Net.
18:58 of 3rd period - Shot by Kyle Rau.
18:58 of 3rd period - Deflect By Turner Elson.
18:58 of 3rd period - Stopped by Christopher Gibson without a rebound.
18:59 of 3rd period - Brendan Gaunce wins face-off versus Sean Malone in IceHogs zone.
19:09 of 3rd period - Andrew Peeke is hit by Jack Dougherty and loses puck.
19:16 of 3rd period - Andrew Peeke is hit by Brendan Gaunce and loses puck.
19:33 of 3rd period - Shot by Patrick Brown.
19:33 of 3rd period - Stopped by Christopher Gibson without a rebound.
19:34 of 3rd period - Jean-Sébastien Dea wins face-off versus Kyle Rau in IceHogs zone.
19:51 of 3rd period - Shot by Cedric Paquette.
19:51 of 3rd period - Stopped by Jean-Francois Berube with a rebound.
Goals for this period are 0 for IceHogs vs 0 for Americans.
Shots for this period are 11 for IceHogs vs 6 for Americans.